 Dungeon Sprint DCSS version 0.17-a0-1674-g2b13139 (webtiles) character file.

78395 Kidiri the Imperceptible (level 14, -5/59 HPs)
             Began as a Spriggan Enchanter on Aug 18, 2015.
             Was the Champion of Dithmenos.
             Shot with a bolt by a yaktaur captain (37 damage)
             ... in the Dungeon (Sprint III: "The Ten Rune Challenge").
             The game lasted 00:41:39 (9013 turns).

Kidiri the Imperceptible (Spriggan Enchanter)       Turns: 9013, Time: 00:41:39

Health: -5/59      AC:  7    Str:  4    XL:     14   Next: 19%
Magic:  17/37      EV: 37    Int: 19    God:    Dithmenos [******]
Gold:   831        SH:  0    Dex: 19    Spells: 12 memorised, 1 level left

rFire  . . .     SeeInvis +     C - +7 short sword "Caujomm" {pierce, rElec}
rCold  . . .     Clarity  .     o - +2 robe {Archmagi}
rNeg   . . .     SustAt   .     (shield restricted)
rPois  .         Gourm    .     f - +1 hat
rElec  +         Spirit   .     (no cloak)
rCorr  .         Warding  .     (gloves unavailable)
rMut   .         NoTele   +     (boots unavailable)
MR     ++...                    (no amulet)
Stlth  ++++++++++               (no ring)
                                u - ring of stealth

@: wreathed by umbra, very quick, very resistant to hostile enchantments,
uncannily stealthy
A: unfitting armour, yellow scales 1, see invisible, herbivore 3, speed 3, slow
metabolism 2
a: Shadow Step, Shadow Form, Renounce Religion
}: 2/10 runes: decaying, serpentine


You were in the Dungeon.
You worshipped Dithmenos.
Dithmenos was exalted by your worship.
You were not hungry.

You visited 1 branch You collected 2450 gold pieces.
You spent 1619 gold pieces at shops.

Inventory:

Hand weapons
 C - the +7 short sword "Caujomm" (weapon) {pierce, rElec}
   (You found it in the Dungeon)

   It inflicts extra damage upon your enemies.
   It insulates you from electricity.
Missiles
 i - 9 throwing nets (quivered)
Armour
 f - a +1 hat (worn)
 o - a +2 robe of the Archmagi (worn)
Jewellery
 u - a ring of stealth (left hand)
Magical devices
 c - a wand of frost (22)
 z - a wand of digging (12)
 B - a wand of confusion (33)
Scrolls
 a - a scroll of identify
 d - a scroll of enchant weapon
 j - a scroll of blinking
 k - 2 scrolls of remove curse
 m - a scroll of torment
 w - 2 scrolls of recharging
Potions
 g - a potion of might
 h - a potion of magic
 l - a potion of lignification
 n - a potion of curing
 q - 3 potions of cure mutation
 r - 2 potions of flight
 t - 5 potions of ambrosia
 v - a potion of heal wounds
Books
 b - a book of Burglary

   Spells                             Type                      Level
   a - Swiftness                      Charms/Air                   2
   b - Passwall                       Transmutation/Earth          3
   c - Passage of Golubria            Translocation                4
   d - Lee's Rapid Deconstruction     Earth                        5
   e - Darkness                       Hexes                        6
   f - Invisibility                   Hexes                        6
Comestibles
 p - 30 royal jellies
 A - 2 fruits


   Skills:
 + Level 13.0 Short Blades
 * Level 21.6 Dodging
 * Level 23.3 Stealth
 * Level 18.7 Spellcasting
 + Level 9.0 Conjurations
 + Level 14.2 Hexes
   Level 5.0 Necromancy
 + Level 6.4 Transmutations
 + Level 10.0 Ice Magic
 + Level 10.2 Air Magic
 + Level 9.4 Earth Magic
 - Level 4.6 Invocations


You had one spell level left.
You knew the following spells:

 Your Spells              Type           Power        Failure   Level  Hunger
a - Corona                Hex            #######      0%          1    None
b - Ensorcelled Hibernat  Hex/Ice        ######       1%          2    None
c - Confuse               Hex            #######.     1%          3    None
d - Tukima's Dance        Hex            #######.     1%          3    None
e - Dazzling Spray        Conj/Hex       #######.     1%          3    None
f - Static Discharge      Conj/Air       ######..     1%          3    None
g - Lightning Bolt        Conj/Air       ######....   1%          5    ##.....
h - Shatter               Erth           ######....   100%        9    #######
i - Tornado               Air            ######....   100%        9    #######
j - Stone Arrow           Conj/Erth      ######       1%          3    None
k - Lee's Rapid Deconstr  Erth           ######....   1%          5    ##.....
l - Passwall              Trmt/Erth      ######....   1%          3    None


Dungeon Overview and Level Annotations

Branches:
Dungeon (1/1)

Altars:
Cheibriados
Dithmenos
Elyvilon
Fedhas
Gozag
Kikubaaqudgha
Makhleb
Nemelex Xobeh
Okawaru
Qazlal
Ru
Sif Muna
Trog
Vehumet
Xom
Yredelemnul
Zin
The Shining One
Beogh
Jiyva
Lugonu

Shops:
D (:![?(::=[([!(:}%:?


Innate Abilities, Weirdness & Mutations

You are tiny and cannot use many weapons and most armour.
You have supernaturally acute eyesight.
You are a herbivore.
You cover ground extremely quickly.
You need consume almost no food.
You are partially covered in yellow scales (AC +2).


Message History

Aim: a yaktaur captain, wielding an arbalest of chaos (black smoke, umbra, chance to defeat MR: 51%)
You feel a surge of power!
The yaktaur captain resists with significant effort.
Your shadow mimicks your spell!
The yaktaur captain resists with almost no effort.
Casting: Confuse
Confirm with . or Enter, or press ? or * to list all spells.
Okay, then.
Unknown command.
Casting: Confuse
Confirm with . or Enter, or press ? or * to list all spells.
Aiming: Dazzling Spray
Press: ? - help, Shift-Dir - straight line, f/p - yaktaur captain
Aim: a yaktaur captain, wielding an arbalest of chaos (black smoke, umbra)
You feel a surge of power!
The spray of energy hits the yaktaur captain.
The yaktaur captain is lightly wounded.
The yaktaur captain shoots a bolt.
The bolt hits you!!!
Ouch! That really hurt!
You die...

)#####.####...c..#
.#)..+.#[.#......#
######.+..#......#
.....#.####c.....#
..#..#.#..#......#
.#.#.#)+..#..§...#
.....#.#..#...c.§#
....)#.#..#...§§.#
.#.#.+.#..#....§@#
..#..#.#..#...^^§#
)....###########+#
######**********,*
,,,,,+,,,,*,,*≈≈,*
,******,,,*,,*≈≈,*
,,,+,,**,,*,,+,,,*
,,,*,,,**,+,,*≈≈,*
****,,,,***,,*≈≈,*


You could see a yaktaur captain.

Vanquished Creatures
  the Lernaean hydra (D)
  Rupert (D)
  Gastronok (D)
  A greater naga (D)
  Dowan (D)
  Maud (D)
  2 dire elephants (D)
  A fire dragon (D)
  Erolcha (D)
  A naga warrior (D)
  2 centaur warriors (D)
  3 hydras (D)
  4 dancing weapons (D)
  4 death yaks (D)
  4 anacondas (D)
  4 orc high priests (D)
  A deep elf knight (D)
  A death drake (D)
  4 swamp dragons (D)
  A spriggan druid (D)
  3 orc knights (D)
  A manticore (shapeshifter) (D)
  2 deep elf conjurers (D)
  A lindwurm (D)
  4 crystal guardians (D)
  A wolf spider (shapeshifter) (D)
  A cyclops (shapeshifter) (D)
  2 ugly things (D)
  2 elephants (D)
  A guardian serpent (D)
  2 spiny frogs (D)
  3 black mambas (D)
  Duvessa (D)
  An orange crystal statue (D)
  A fire drake (D)
  3 deep elf priests (D)
  A queen bee (D)
  A komodo dragon (D)
  4 spriggan defenders (D)
  3 wandering mushrooms (D)
  6 slime creatures (D)
  A shadow (D)
  8 blink frogs (D)
  2 trapdoor spiders (D)
  2 spriggans (D)
  4 redbacks (D)
  A spatial vortex (D)
  2 hill giants (D)
  5 water moccasins (D)
  2 nagas (D)
  A necrophage (D)
  3 swamp drakes (D)
  2 orc warriors (D)
  A fire dragon simulacrum (D)
  2 black mamba simulacra (D)
  2 brain worms (D)
  3 two-headed ogres (D)
  A water elemental (D)
  32 killer bees (D)
  A jelly (D)
  2 orc priests (D)
  A wolf simulacrum (D)
  A wizard (D)
  A wolf (D)
  A necromancer (D)
  2 orc wizards (D)
  3 humans (D)
  A kobold demonologist (D)
  9 adders (D)
  6 orcs (D)
  4 rats (D)
  4 plants (D)
193 creatures vanquished.

Vanquished Creatures (collateral kills)
  An orc high priest (D)
  2 orcs (D)
3 creatures vanquished.

Vanquished Creatures (others)
  2 draconian scorchers (D)
  Nessos (D)
  2 dancing weapons (D)
  3 yaktaurs (D)
  An electric eel (D)
  2 bushes (D)
  8 plants (D)
19 creatures vanquished.

Grand Total: 215 creatures vanquished

Notes
Turn   | Place    | Note
--------------------------------------------------------------
     0 | D        | Kidiri the Spriggan Enchanter began the quest for the Orb.
     0 | D        | Reached XP level 1. HP: 9/9 MP: 5/5
    83 | D        | Killed a yaktaur
   142 | D        | Noticed a wolf
   145 | D        | Killed a wolf
   145 | D        | Reached skill level 5 in Dodging
   145 | D        | Reached skill level 6 in Stealth
   145 | D        | Reached XP level 2. HP: 13/13 MP: 6/8
   153 | D        | Learned a level 2 spell: Ensorcelled Hibernation
   183 | D        | Reached XP level 3. HP: 12/16 MP: 1/10
   186 | D        | Killed a white draconian scorcher
   188 | D        | Learned a level 3 spell: Confuse
   191 | D        | Killed a white draconian scorcher
   192 | D        | Learned a level 3 spell: Tukima's Dance
   280 | D        | Gained mutation: You have a pair of small antennae on your head. [potion of mutation]
   280 | D        | Gained mutation: You are partially covered in yellow scales (AC +2). [potion of mutation]
   280 | D        | Gained mutation: Your body sometimes deteriorates upon taking damage. [potion of mutation]
   281 | D        | Gained mutation: You are weak. (Str -2) [potion of mutation]
   281 | D        | Lost strength.
   281 | D        | Gained mutation: You are very weak. (Str -4) [potion of mutation]
   284 | D        | Lost mutation: Your body sometimes deteriorates upon taking damage. [potion of cure mutation]
   284 | D        | Lost mutation: You have a pair of small antennae on your head. [potion of cure mutation]
   284 | D        | Lost mutation: You are very weak. (Str -4) [potion of cure mutation]
   284 | D        | Lost mutation: You are weak. (Str -2) [potion of cure mutation]
   296 | D        | Noticed a water elemental
   305 | D        | Killed a water elemental
   305 | D        | Reached skill level 8 in Stealth
   305 | D        | Reached skill level 5 in Spellcasting
   305 | D        | Reached skill level 5 in Hexes
   305 | D        | Reached skill level 1 in Ice Magic
   305 | D        | Reached XP level 4. HP: 21/21 MP: 10/12
   313 | D        | Learned a level 3 spell: Dazzling Spray
   351 | D        | Killed an electric eel
   370 | D        | Noticed a jelly
   371 | D        | Noticed a shadow
   376 | D        | Killed a jelly
   403 | D        | Killed a yaktaur
   442 | D        | Killed a shadow
   442 | D        | Reached skill level 9 in Dodging
   442 | D        | Reached skill level 10 in Stealth
   442 | D        | Reached skill level 1 in Conjurations
   442 | D        | Reached XP level 5. HP: 22/24 MP: 0/16
   442 | D        | Reached XP level 6. HP: 25/28 MP: 0/17
   590 | D        | Found a stormy altar of Qazlal.
   591 | D        | Found a sacrificial altar of Ru.
   591 | D        | Found a burning altar of Makhleb.
   591 | D        | Found a viscous altar of Jiyva.
   591 | D        | Found a shimmering altar of Xom.
   591 | D        | Found a shadowy altar of Dithmenos.
   591 | D        | Found a sparkling altar of Nemelex Xobeh.
   591 | D        | Found a corrupted altar of Lugonu.
   591 | D        | Found an opulent altar of Gozag.
   591 | D        | Noticed a spatial vortex
   595 | D        | Became a worshipper of Dithmenos the Shadowed
   596 | D        | Killed a spatial vortex
   596 | D        | Reached skill level 5 in Short Blades
   596 | D        | Reached skill level 11 in Stealth
   596 | D        | Reached skill level 1 in Invocations
   629 | D        | Found a radiant altar of Vehumet.
   630 | D        | Found a deep blue altar of Sif Muna.
   630 | D        | Found an ancient bone altar of Kikubaaqudgha.
   630 | D        | Noticed a wizard
   635 | D        | Noticed a chaos spawn
   635 | D        | Killed a wizard
   657 | D        | Learned a level 3 spell: Static Discharge
   663 | D        | Learned a level 5 spell: Lightning Bolt
   678 | D        | Found a glowing silver altar of Zin.
   679 | D        | Found a glowing golden altar of the Shining One.
   679 | D        | Found a white marble altar of Elyvilon.
   679 | D        | Noticed a deep elf priest
   681 | D        | Killed a deep elf priest
   681 | D        | Reached skill level 10 in Dodging
   681 | D        | Reached skill level 1 in Air Magic
   681 | D        | Reached XP level 7. HP: 32/32 MP: 18/20
   693 | D        | Found an iron altar of Okawaru.
   694 | D        | Found a bloodstained altar of Trog.
   694 | D        | Noticed a human
   694 | D        | Noticed a human
   699 | D        | Killed a human
   699 | D        | Reached skill level 12 in Stealth
   701 | D        | Killed a human
   812 | D        | Found a snail-covered altar of Cheibriados.
   812 | D        | Noticed a necrophage
   813 | D        | Found a basalt altar of Yredelemnul.
   813 | D        | Found a blossoming altar of Fedhas.
   813 | D        | Noticed a necromancer
   816 | D        | Killed a necromancer
   816 | D        | Acquired Dithmenos's first power
   825 | D        | Killed a necrophage
   825 | D        | Reached XP level 8. HP: 30/36 MP: 1/22
   954 | D        | Noticed a two-headed ogre
   954 | D        | Noticed a two-headed ogre
   958 | D        | Killed a two-headed ogre
   960 | D        | Killed a two-headed ogre
   960 | D        | Acquired Dithmenos's second power
   963 | D        | Noticed a two-headed ogre
   964 | D        | Killed a two-headed ogre
   964 | D        | Reached skill level 13 in Stealth
   964 | D        | Reached skill level 10 in Spellcasting
   969 | D        | Noticed a hill giant
   972 | D        | Killed a hill giant
   978 | D        | Noticed a hill giant
   978 | D        | Noticed Erolcha
   980 | D        | Killed Erolcha
   980 | D        | Reached skill level 14 in Stealth
   980 | D        | Reached XP level 9. HP: 39/39 MP: 24/24
   981 | D        | Killed a hill giant
   981 | D        | Acquired Dithmenos's third power
   997 | D        | Learned a level 9 spell: Shatter
   997 | D        | Noticed a redback
  1001 | D        | Killed a redback
  1001 | D        | Reached skill level 5 in Ice Magic
  1003 | D        | Noticed a trapdoor spider
  1017 | D        | Noticed a trapdoor spider
  1269 | D        | Killed a trapdoor spider
  1269 | D        | Reached skill level 1 in Earth Magic
  1452 | D        | Noticed a killer bee
  1452 | D        | Noticed a killer bee
  1452 | D        | Noticed a killer bee
  1452 | D        | Noticed a killer bee
  1452 | D        | Noticed a killer bee
  1452 | D        | Noticed a killer bee
  1452 | D        | Noticed a killer bee
  1452 | D        | Noticed a killer bee
  1452 | D        | Noticed a killer bee
  1452 | D        | Noticed a killer bee
  1452 | D        | Noticed a killer bee
  1452 | D        | Noticed a killer bee
  1452 | D        | Noticed a killer bee
  1452 | D        | Noticed a killer bee
  1452 | D        | Noticed a killer bee
  1453 | D        | Noticed a killer bee
  1454 | D        | Noticed a killer bee
  1454 | D        | Noticed a killer bee
  1454 | D        | Noticed a killer bee
  1454 | D        | Noticed a killer bee
  1455 | D        | Noticed a killer bee
  1461 | D        | Killed a killer bee
  1583 | D        | Noticed a queen bee
  1583 | D        | Noticed a killer bee
  1583 | D        | Noticed a killer bee
  1583 | D        | Noticed a killer bee
  1583 | D        | Noticed a killer bee
  1583 | D        | Noticed a killer bee
  1583 | D        | Noticed a killer bee
  1584 | D        | Noticed a killer bee
  1584 | D        | Noticed a killer bee
  1586 | D        | Noticed a killer bee
  1588 | D        | Noticed a killer bee
  1592 | D        | Killed a killer bee
  1593 | D        | Killed a killer bee
  1984 | D        | Killed a killer bee
  1988 | D        | Killed a killer bee
  1988 | D        | Acquired Dithmenos's fourth power
  1990 | D        | Killed a killer bee
  1993 | D        | Killed a killer bee
  1994 | D        | Killed a killer bee
  1997 | D        | Killed a killer bee
  2003 | D        | Killed a killer bee
  2005 | D        | Killed a killer bee
  2007 | D        | Killed a queen bee
  2007 | D        | Reached skill level 15 in Stealth
  2008 | D        | Killed a killer bee
  2010 | D        | Killed a killer bee
  2172 | D        | Killed a killer bee
  2173 | D        | Noticed a killer bee
  2176 | D        | Killed a killer bee
  2180 | D        | Killed a killer bee
  2190 | D        | Killed a killer bee
  2209 | D        | Killed a killer bee
  2230 | D        | Killed a killer bee
  2233 | D        | Killed a killer bee
  2237 | D        | Killed a killer bee
  2244 | D        | Killed a yaktaur
  2251 | D        | Killed a killer bee
  2263 | D        | Killed a killer bee
  2265 | D        | Killed a killer bee
  2270 | D        | Killed a killer bee
  2282 | D        | Killed a killer bee
  2282 | D        | Reached XP level 10. HP: 44/44 MP: 11/27
  2284 | D        | Killed a killer bee
  2286 | D        | Killed a killer bee
  2288 | D        | Killed a killer bee
  2311 | D        | Killed a killer bee
  2316 | D        | Killed a killer bee
  2328 | D        | Killed a killer bee
  2514 | D        | Noticed a wandering mushroom
  2515 | D        | Noticed a wandering mushroom
  2515 | D        | Noticed a wandering mushroom
  2517 | D        | Killed a wandering mushroom
  2522 | D        | Killed a wandering mushroom
  2522 | D        | Reached skill level 16 in Stealth
  2522 | D        | Reached skill level 5 in Conjurations
  2525 | D        | Killed a wandering mushroom
  2649 | D        | Noticed a spiny frog
  2649 | D        | Noticed a komodo dragon
  2649 | D        | Noticed a spiny frog
  2652 | D        | Killed a spiny frog
  2652 | D        | Reached skill level 5 in Air Magic
  3031 | D        | Killed a komodo dragon
  3032 | D        | Killed a spiny frog
  3055 | D        | Noticed a redback
  3057 | D        | Killed a redback
  3058 | D        | Noticed a brain worm
  3062 | D        | Killed a brain worm
  3067 | D        | Noticed a brain worm
  3069 | D        | Killed a brain worm
  3171 | D        | Noticed a lindwurm
  3173 | D        | Noticed a redback
  3174 | D        | Killed a lindwurm
  3174 | D        | Reached skill level 15 in Dodging
  3174 | D        | Reached skill level 10 in Hexes
  3176 | D        | Killed a redback
  3181 | D        | Noticed a redback
  3182 | D        | Killed a redback
  3183 | D        | Noticed Maud
  3185 | D        | Killed Maud
  3185 | D        | Reached skill level 17 in Stealth
  3185 | D        | Reached XP level 11. HP: 47/47 MP: 29/29
  3259 | D        | Noticed an eight-headed hydra
  3259 | D        | Noticed a five-headed hydra
  3261 | D        | Killed an eight-headed hydra
  3262 | D        | Killed a five-headed hydra
  3283 | D        | Noticed a death drake
  3286 | D        | Killed a death drake
  3293 | D        | Found a blossoming altar of Fedhas.
  3293 | D        | Noticed a spriggan
  3293 | D        | Noticed a spriggan druid
  3293 | D        | Noticed a spriggan
  3295 | D        | Killed a spriggan druid
  3295 | D        | Reached skill level 18 in Stealth
  3295 | D        | Reached skill level 5 in Earth Magic
  3296 | D        | Killed a spriggan
  3297 | D        | Killed a spriggan
  3321 | D        | Learned a level 9 spell: Tornado
  3387 | D        | Killed a trapdoor spider
  3858 | D        | Noticed a swamp drake
  3858 | D        | Noticed a swamp dragon
  3858 | D        | Noticed a swamp dragon
  3859 | D        | Noticed a swamp dragon
  3860 | D        | Killed a swamp drake
  3861 | D        | Noticed a swamp drake
  3861 | D        | Found Cieh's Magic Scroll Emporium.
  3861 | D        | Found Zyuw's Antique Weapon Shop.
  3861 | D        | Found Ytax's Book Shoppe.
  3862 | D        | Killed a swamp dragon
  3863 | D        | Killed a swamp dragon
  3865 | D        | Killed a swamp dragon
  3867 | D        | Killed a swamp drake
  3893 | D        | Noticed a swamp dragon
  3895 | D        | Killed a swamp dragon
  3900 | D        | Noticed a five-headed hydra
  3900 | D        | Noticed the 27-headed Lernaean hydra
  3964 | D        | Noticed a swamp drake
  3964 | D        | Noticed a fire drake
  3965 | D        | Killed a fire drake
  3967 | D        | Killed a swamp drake
  3967 | D        | Reached skill level 10 in Short Blades
  3973 | D        | Noticed a blink frog
  3973 | D        | Noticed a blink frog
  3974 | D        | Noticed a blink frog
  3974 | D        | Noticed a blink frog
  3974 | D        | Noticed a blink frog
  3977 | D        | Killed a blink frog
  3978 | D        | Killed a blink frog
  3981 | D        | Killed a blink frog
  3984 | D        | Killed a blink frog
  3987 | D        | Killed a blink frog
  4224 | D        | Noticed Rupert
  4226 | D        | Killed Rupert
  4226 | D        | Reached skill level 19 in Stealth
  4226 | D        | Reached skill level 15 in Spellcasting
  4226 | D        | Reached XP level 12. HP: 51/51 MP: 26/32
  4342 | D        | Noticed a death yak
  4343 | D        | Noticed a death yak
  4343 | D        | Noticed a blink frog
  4344 | D        | Killed a death yak
  4345 | D        | Noticed an azure jelly
  4345 | D        | Noticed a death yak
  4345 | D        | Noticed an azure jelly
  4345 | D        | Noticed a blink frog
  4345 | D        | Noticed a death yak
  4346 | D        | Killed a death yak
  4347 | D        | Killed a blink frog
  4348 | D        | Noticed a blink frog
  4348 | D        | Noticed a black mamba
  4349 | D        | Killed a death yak
  4351 | D        | Killed a blink frog
  4352 | D        | Noticed a black mamba
  4353 | D        | Killed a blink frog
  4354 | D        | Killed a death yak
  4357 | D        | Killed a black mamba
  4358 | D        | Killed a black mamba
  4368 | D        | Noticed an azure jelly
  4368 | D        | Noticed an azure jelly
  4432 | D        | Noticed a water moccasin
  4441 | D        | Killed a water moccasin
  4468 | D        | Learned a level 3 spell: Stone Arrow
  4473 | D        | Noticed an anaconda
  4473 | D        | Noticed an anaconda
  4473 | D        | Noticed a water moccasin
  4474 | D        | Noticed an anaconda
  4474 | D        | Noticed an anaconda
  4475 | D        | Killed an anaconda
  4475 | D        | Reached skill level 20 in Stealth
  4476 | D        | Killed a water moccasin
  4483 | D        | Killed an anaconda
  4484 | D        | Killed an anaconda
  4485 | D        | Killed an anaconda
  4529 | D        | Noticed a water moccasin
  4529 | D        | Noticed a water moccasin
  4529 | D        | Noticed a water moccasin
  4533 | D        | Noticed a black mamba
  4534 | D        | Killed a water moccasin
  4535 | D        | Killed a water moccasin
  4536 | D        | Killed a water moccasin
  4542 | D        | Killed a black mamba
  4632 | D        | Noticed a naga
  4632 | D        | Noticed a naga
  4633 | D        | Noticed a naga warrior
  4633 | D        | Noticed a greater naga
  4633 | D        | Found Feugaeke's Antique Weapon Boutique.
  4633 | D        | Found Yvvemowk's Book Emporium.
  4633 | D        | Found Eroerch's Distillery.
  4634 | D        | Killed a naga
  4635 | D        | Killed a naga
  4637 | D        | Killed a naga warrior
  4638 | D        | Killed a greater naga
  4652 | D        | Noticed a guardian serpent
  4654 | D        | Killed a guardian serpent
  4658 | D        | Got a serpentine rune of Zot
  4735 | D        | Noticed an elephant
  4735 | D        | Noticed an elephant
  4735 | D        | Noticed a dire elephant
  4735 | D        | Noticed a dire elephant
  4735 | D        | Noticed Gastronok
  5045 | D        | Learned a level 2 spell: Corpse Rot
  5160 | D        | Killed a dire elephant
  5160 | D        | Reached XP level 13. HP: 49/55 MP: 2/34
  5288 | D        | Killed a dire elephant
  5288 | D        | Reached skill level 21 in Stealth
  5288 | D        | Reached skill level 1 in Necromancy
  5435 | D        | Killed Gastronok
  5475 | D        | Killed an elephant
  5520 | D        | Killed an elephant
  5740 | D        | Killed Nessos
  5771 | D        | Found Touphak's Armour Emporium.
  5771 | D        | Found a roughly hewn altar of Beogh.
  5771 | D        | Noticed an orc knight
  5771 | D        | Noticed an orc knight
  5771 | D        | Noticed an orc high priest
  5771 | D        | Noticed an orc warrior
  5772 | D        | Noticed an orc wizard
  5772 | D        | Noticed an orc warrior
  5772 | D        | Noticed an orc wizard
  5772 | D        | Noticed an orc high priest
  5772 | D        | Noticed an orc knight
  5774 | D        | Noticed an orc priest
  5778 | D        | Killed an orc warrior
  5786 | D        | Killed an orc wizard
  5787 | D        | Killed an orc wizard
  5799 | D        | Killed an orc knight
  5803 | D        | Killed an orc high priest
  5828 | D        | Killed an orc priest
  5833 | D        | Killed an orc knight
  5881 | D        | Killed an orc high priest
  6183 | D        | Killed an orc warrior
  6203 | D        | Killed an orc knight
  6268 | D        | Bought a +2 robe of the Archmagi for 452 gold pieces
  6316 | D        | Noticed a deep elf conjurer
  6316 | D        | Noticed a deep elf conjurer
  6316 | D        | Noticed a deep elf knight
  6316 | D        | Noticed a deep elf priest
  6316 | D        | Noticed a deep elf priest
  6322 | D        | Noticed a deep elf conjurer
  6324 | D        | Killed a deep elf priest
  6328 | D        | Killed a deep elf priest
  6346 | D        | Killed a deep elf conjurer
  6357 | D        | Killed a deep elf knight
  6362 | D        | Killed a deep elf conjurer
  6493 | D        | Noticed a deep elf conjurer
  6500 | D        | Noticed a deep elf demonologist
  6501 | D        | Noticed a deep elf annihilator
  6655 | D        | Bought a book of Burglary for 900 gold pieces
  6660 | D        | Learned a level 3 spell: Passwall
  6836 | D        | Killed the 27-headed Lernaean hydra
  6836 | D        | Reached skill level 22 in Stealth
  6838 | D        | Killed a five-headed hydra
  6846 | D        | Got a decaying rune of Zot
  7203 | D        | Noticed Dowan
  7203 | D        | Noticed Duvessa
  7205 | D        | Killed Dowan
  7223 | D        | Killed Duvessa
  7338 | D        | Noticed a fire dragon simulacrum
  7338 | D        | Noticed a black mamba simulacrum
  7338 | D        | Noticed a black mamba simulacrum
  7338 | D        | Killed a fire dragon simulacrum
  7339 | D        | Killed a black mamba simulacrum
  7340 | D        | Killed a black mamba simulacrum
  7442 | D        | Noticed an orc priest
  7442 | D        | Noticed an orc high priest
  7443 | D        | Noticed an orc high priest
  7443 | D        | Noticed an orc high priest
  7444 | D        | Killed an orc priest
  7445 | D        | Killed an orc high priest
  7447 | D        | Killed an orc high priest
  7449 | D        | Killed an orc high priest
  7468 | D        | Noticed an orange crystal statue
  7472 | D        | Noticed a spriggan defender
  7473 | D        | Noticed a spriggan defender
  7473 | D        | Noticed a spriggan defender
  7473 | D        | Noticed a spriggan defender
  7474 | D        | Killed a spriggan defender
  7475 | D        | Killed a spriggan defender
  7477 | D        | Killed a spriggan defender
  7478 | D        | Killed a spriggan defender
  7569 | D        | Noticed a slime creature
  7573 | D        | Killed a slime creature
  7574 | D        | Noticed a centaur warrior
  7574 | D        | Noticed a slime creature
  7578 | D        | Killed a slime creature
  7581 | D        | Killed a centaur warrior
  7606 | D        | Noticed a cyan ugly thing
  7606 | D        | Noticed a manticore
  7607 | D        | Noticed a wolf simulacrum
  7611 | D        | Killed a wolf simulacrum
  7669 | D        | Killed a cyan ugly thing
  7670 | D        | Killed a manticore
  7701 | D        | Noticed a centaur warrior
  7705 | D        | Killed a centaur warrior
  7814 | D        | Noticed a fire dragon
  7816 | D        | Killed a fire dragon
  7816 | D        | Reached skill level 5 in Transmutations
  7827 | D        | Noticed a slime creature
  7829 | D        | Killed a slime creature
  7848 | D        | Noticed a trident of venom
  7848 | D        | Noticed a halberd of protection
  7850 | D        | Killed a trident of venom
  7851 | D        | Noticed a short sword of venom
  7851 | D        | Noticed a halberd of flaming
  7868 | D        | Killed a short sword of venom
  7868 | D        | Reached skill level 10 in Air Magic
  7868 | D        | Reached XP level 14. HP: 20/59 MP: 27/37
  8128 | D        | Killed a halberd of flaming
  8352 | D        | Killed a halberd of protection
  8352 | D        | Reached skill level 5 in Necromancy
  8492 | D        | Got a pitted short sword
  8493 | D        | Identified the +7 short sword "Caujomm" {pierce, rElec} (You found it in the Dungeon)
  8609 | D        | Bought a scroll of amnesia for 35 gold pieces
  8609 | D        | Bought a scroll of identify for 20 gold pieces
  8609 | D        | Bought a scroll of identify for 20 gold pieces
  8748 | D        | Learned a level 5 spell: Lee's Rapid Deconstruction
  8773 | D        | Found Otajiu's Gadget Boutique.
  8773 | D        | Found Huokaido's Book Emporium.
  8773 | D        | Found Semu's Food Emporium.
  8773 | D        | Found Winewul's Jewellery Shop.
  8773 | D        | Found Guunesh's Book Shop.
  8773 | D        | Found Duddaapn's Antique Weapon Emporium.
  8773 | D        | Found Litsuzioti's Antique Armour Boutique.
  8773 | D        | Found Xipire's Antique Armour Shoppe.
  8773 | D        | Found Ytaytem's Magic Scroll Shoppe.
  8773 | D        | Found Sotrazer's Book Shop.
  8773 | D        | Found Ogayxt's Distillery.
  8773 | D        | Found Ticitsod's Weapon Boutique.
  8811 | D        | Bought a scroll of identify for 22 gold pieces
  8811 | D        | Bought a scroll of identify for 22 gold pieces
  8811 | D        | Bought a scroll of identify for 22 gold pieces
  8811 | D        | Bought a scroll of identify for 22 gold pieces
  8811 | D        | Bought a scroll of identify for 22 gold pieces
  8811 | D        | Bought a scroll of enchant weapon for 82 gold pieces
  8836 | D        | Noticed a crystal guardian
  8836 | D        | Noticed a crystal guardian
  8836 | D        | Noticed a crystal guardian
  8837 | D        | Noticed a crystal guardian
  8838 | D        | Killed a crystal guardian
  8838 | D        | Reached skill level 23 in Stealth
  8840 | D        | Killed a crystal guardian
  8842 | D        | Killed a crystal guardian
  8844 | D        | Killed a crystal guardian
  8861 | D        | Killed an orange crystal statue
  8963 | D        | Noticed a yaktaur captain
  8963 | D        | Noticed a slime creature
  8963 | D        | Noticed a slime creature
  8964 | D        | Noticed a cyclops
  8964 | D        | Noticed a green ugly thing
  8964 | D        | Noticed a wolf spider
  8964 | D        | Noticed a slime creature
  8965 | D        | Killed a slime creature
  8966 | D        | Killed a slime creature
  8968 | D        | Killed a cyclops
  8970 | D        | Killed a green ugly thing
  8973 | D        | Killed a wolf spider
  8973 | D        | Reached skill level 10 in Ice Magic
  8975 | D        | Killed a slime creature
  9013 | D        | Shot with a bolt by a yaktaur captain

Vault maps used:
D:        dungeon_sprint_mu

Action                   |  1- 3 |  4- 6 |  7- 9 | 10-12 | 13-15 || total
-------------------------+-------+-------+-------+-------+-------++-------
Melee: Dagger            |    18 |    23 |    65 |    78 |   396 ||   580
       Short sword       |       |       |       |       |    10 ||    10
 Cast: Ensorcelled Hiber |     3 |       |    43 |    15 |    20 ||    81
       Dazzling Spray    |       |     8 |    15 |     9 |    38 ||    70
       Confuse           |       |       |     5 |    10 |    13 ||    28
       Lightning Bolt    |       |       |       |     6 |     8 ||    14
       Passwall          |       |       |       |       |    18 ||    18
       Tukima's Dance    |       |       |       |       |     8 ||     8
       Corpse Rot        |       |       |       |       |     1 ||     1
       Lee's Rapid Decon |       |       |       |       |     2 ||     2
Invok: Shadow Step       |       |       |       |    15 |    10 ||    25
  Use: Potion            |     4 |     1 |     2 |       |     3 ||    10
       Scroll            |     4 |       |       |       |     8 ||    12
 Stab: Sleeping          |     4 |     3 |    29 |    69 |    40 ||   145
       Confused          |       |       |     3 |     1 |    11 ||    15
       Invisible         |       |       |       |     1 |     3 ||     4
       Distracted        |       |       |       |       |     1 ||     1
  Eat: Bread ration      |       |       |     1 |       |       ||     1
       Fruit             |       |       |       |       |     6 ||     6
